 Dungeon Crawl Stone Soup version 0.27.0-66-gdc8fb28755 (webtiles) character file.

Game seed: 1668269340446114633

94 Kinoniko the Chopper (level 4, 0/41 HPs)
             Began as a Hill Orc Berserker on Aug 20, 2021.
             Was a Believer of Trog.
             Killed from afar by an orc wizard (6 damage)
             ... with a puff of flame
             ... on level 3 of the Dungeon.
             The game lasted 00:01:53 (2645 turns).

Kinoniko the Chopper (Hill Orc Berserker)           Turns: 2645, Time: 00:01:54

Health: 0/41       AC:  3    Str: 20    XL:     4   Next: 63%
Magic:  4/4        EV: 11    Int:  7    God:    Trog [**....]
Gold:   106        SH:  0    Dex: 10    Spells: 3/3 levels left

rFire    . . .     SeeInvis .   a - +0 hand axe
rCold    . . .     Faith    .   (no shield)
rNeg     . . .     Spirit   .   b - +0 animal skin
rPois    .         Reflect  .   e - +0 helmet
rElec    .         Harm     .   (no cloak)
rCorr    .         Rampage  .   (no gloves)
Will     .....                  (no boots)
Stlth    +.........             (no amulet)
HPRegen  0.13/turn              (no ring)
MPRegen  0.09/turn              (no ring)

@: on berserk cooldown, hasted, very quick
A: no striking features
a: Renounce Religion, Berserk, Trog's Hand


You were on level 3 of the Dungeon.
You worshipped Trog.
Trog was pleased with you.
You visited 1 branch of the dungeon, and saw 3 of its levels.

You collected 106 gold pieces.

Inventory:

Hand Weapons
 a - a +0 hand axe (weapon)
Armour
 b - a +0 animal skin (worn)
 e - a +0 helmet (worn)
Scrolls
 c - a scroll of noise {unknown}
 d - a scroll of teleportation {unknown}
 g - a scroll of acquirement {unknown}
 i - a scroll of summoning {unknown}
 j - a scroll of fog {unknown}
Potions
 h - a potion of haste


   Skills:
 + Level 4.6 Fighting
 * Level 6.1 Axes
 - Level 2.1 Armour
 - Level 1.5 Dodging


You had 3 spell levels left.
You didn't know any spells.
Your spell library was empty.

Dungeon Overview and Level Annotations

Branches:
Dungeon (3/15)

Altars:

Shops:
D:2 =


Message History

The orc wizard is heavily wounded.
You closely miss the orc wizard. You hit the hobgoblin but do no damage.
The hobgoblin barely misses you.
The orc wizard hits you but does no damage.
The orc wizard hits you with a +0 dagger.
Unknown command.
You hit the orc wizard.
The orc wizard is severely wounded.
You hit the hobgoblin. You hit the orc wizard.
You feel yourself speed up. The hobgoblin barely misses you.
The orc wizard hits you with a +0 dagger.
* * * LOW HITPOINT WARNING * * *
The orc wizard hits you with a +0 dagger.
* * * LOW HITPOINT WARNING * * *
You hit the orc wizard but do no damage.
The orc wizard is severely wounded.
You barely miss the orc wizard. You hit the hobgoblin.
You kill the hobgoblin!
Trog accepts your kill.
The orc wizard hits you with a +0 dagger.
* * * LOW HITPOINT WARNING * * *
You closely miss the orc wizard.
The orc wizard is severely wounded.
You closely miss the orc wizard. The orc wizard closely misses you.
The orc wizard casts a spell at you. You resist with some effort.
Unknown command.
You hit the orc wizard.
You kill the orc wizard!
Trog accepts your kill.
Trog appreciates your killing of a magic user.
You closely miss the orc wizard.
Your Axes skill increases to level 6!
Unknown command.
You hit the orc wizard.
The orc wizard is almost dead.
The orc wizard points at you and mumbles some strange words.
The puff of flame hits you.
You die...

#...# ... .
##...##.... ..
##8....#....
...##..)....#
........<)8.#####
#.##.....).......
#..8..........
##.#†o........
#.#@)........
..########### ..
... ..?


You could see an orc wizard.

Vanquished Creatures
  An orc wizard (D:3)
  2 adders (D:2)
  2 dart slugs (D:2)
  3 orcs (D:3)
  2 endoplasms
  A giant cockroach (D:1)
  9 goblins
  4 hobgoblins
  2 quokkas (D:1)
  4 ball pythons
  6 bats (D:1)
  3 frilled lizards
  2 kobolds
  4 rats
45 creatures vanquished.

Notes
Turn   | Place    | Note
-------+----------+-------------------------------------------
     0 | D:1      | Kinoniko the Hill Orc Berserker began the quest for the
                  | Orb.
     0 | D:1      | Reached XP level 1. HP: 19/19 MP: 1/1
   281 | D:1      | Reached XP level 2. HP: 24/27 MP: 2/2
  1375 | D:1      | Reached skill level 5 in Axes
  1387 | D:1      | Reached XP level 3. HP: 33/33 MP: 3/3
  2098 | D:2      | Reached ** piety under Trog
  2170 | D:2      | Found Qairpheu's Jewellery Shop.
  2350 | D:2      | Reached XP level 4. HP: 40/41 MP: 4/4
  2645 | D:3      | Reached skill level 6 in Axes
  2645 | D:3      | Killed from afar by an orc wizard

Illustrated notes

Levels and vault maps discovered:
D:1:      wheals_arrival_linesprint, layout_basic, minmay_quantized
D:2:      layout_loops_ring, serial_rivers, chequers_serial_rivers_large_a,
          chequers_serial_rivers_small_3, chequers_serial_rivers_small_b,
          chequers_serial_rivers_small_b, chequers_serial_rivers_small_b,
          chequers_serial_rivers_micro_c, serial_shops, shop,
          kennysheep_generic_room_3
D:3:      layout_basic, lemuel_tele_altar, corexii_item_surrounded_by_moat,
          grunt_ministairs_1, minivault_4

Skill      XL: |  1  2  3  4 |
---------------+-------------+-----
Fighting       | 4 |  4.6
Axes           | 5 6 |  6.1
Armour         | |  2.1
Dodging        | |  1.5

Action                   |  1- 3 |  4- 6 || total
-------------------------+-------+-------++-------
Melee: Hand axe          |   120 |    15 ||   135
Invok: Berserk           |     1 |     1 ||     2
  Use: Potion            |       |     4 ||     4
 Stab: Sleeping          |     2 |       ||     2
Armor: Animal skin       |    34 |    13 ||    47
Dodge: Dodged            |    84 |    25 ||   109
